Map: Abyssal Reef LE

Players

SamuraiFunn - Winner!

  • Race: Protoss Protoss
  • Spawn Location: 11:00

A.I. 1 (Very Hard)

  • Race: Protoss Protoss
  • Spawn Location: 5:00

VOD

Have the link to the VOD?

Description

Time

  • Played on: Nov. 23, 2017, 4:15 p.m.
  • Length: 7:13
Show
View Real Time Build Order
Export as new Build Order

SamuraiFunn Protoss - Winner!

Build Orders: Dark Templar Rush 

Get SALT Encoding   

  12  0:01  Probe  
  13  0:13  Probe  
  14  0:22  Pylon  
  14  0:27  Probe  
  15  0:32  Assimilator  
  15  0:40  Probe  
  15  0:42  Assimilator  
  16  0:52  Probe  
  17  1:00  Gateway  
  17  1:08  Probe  
  18  1:24  Probe  
  19  1:36  Probe  
  20  1:51  Cybernetics Core  
  20  1:53  Probe  
  21  2:02  Zealot  
  23  2:10  Pylon  
  23  2:16  Nexus  
  23  2:29  Probe  
  24  2:35  Twilight Council  
  24  2:42  Warp Gate (Chrono Boost)  
  24  2:46  Probe  
  24  2:49  Pylon  
  26  2:58  Probe  
  26  3:33  Probe x2  
  28  3:35  Dark Shrine  
  28  3:40  Assimilator  
  28  3:42  Assimilator  
  28  3:44  Pylon  
  28  3:59  Pylon  
  28  4:01  Gateway  
  28  4:02  Gateway  
  28  4:03  Gateway  
  28  4:27  Probe  
  28  4:28  Probe  
  30  4:40  Probe x2  
  32  5:00  Dark Templar  
  34  5:07  Dark Templar  
  34  5:08  Dark Templar x2  
  40  5:33  Dark Templar  
  42  5:43  Dark Templar x2  
  46  5:53  Probe x2  
  48  6:05  Probe x2  
  48  6:27  Dark Templar  
  48  6:28  Dark Templar x2  
Show
View Real Time Build Order
Export as new Build Order

A.I. 1 (Very Hard) Protoss 

Build Orders: Zealot Archon, Dark Templar Rush 

Get SALT Encoding   

  12  0:00  Probe  
  13  0:13  Probe  
  14  0:20  Pylon  
  14  0:25  Probe  
  15  0:38  Probe  
  16  0:48  Assimilator  
  16  0:50  Probe  
  16  0:51  Gateway  
  17  1:02  Probe, Pylon  
  18  1:14  Probe  
  19  1:26  Probe  
  20  1:36  Assimilator  
  20  1:38  Probe  
  23  1:40  Zealot  
  23  1:41  Cybernetics Core  
  23  1:51  Probe  
  24  2:03  Probe  
  24  2:07  Zealot  
  27  2:15  Probe  
  28  2:17  Warp Gate  
  28  2:22  Twilight Council  
  28  2:24  Pylon  
  28  2:27  Probe  
  29  2:34  Stalker  
  31  2:43  Gateway  
  31  2:53  Probe  
  32  3:02  Dark Shrine  
  32  3:05  Probe  
  33  3:07  Gateway  
  33  3:17  Probe, Pylon  
  34  3:24  Zealot  
  36  3:29  Probe  
  36  3:30  Zealot  
  39  3:40  Pylon  
  39  4:03  Adept  
  39  4:05  Nexus  
  41  4:18  Dark Templar  
  41  4:19  Dark Templar  
  45  4:24  Archon  
  45  4:38  Pylon, Dark Templar  
  47  4:51  Sentry, Dark Templar  
  51  4:57  Archon  
  51  5:05  Pylon  
  51  5:10  Dark Templar  
  51  5:14  Adept  
  55  5:19  Probe  
  56  5:23  Probe  
  56  5:24  Stalker  
  56  5:27  Assimilator  
  51  5:41  Dark Templar  
  47  5:44  Zealot  
  47  5:47  Adept  
  39  5:56  Probe  
  31  5:58  Probe  
  31  6:04  Zealot  
  31  6:08  Probe, Stalker  
  34  6:14  Adept  
  35  6:25  Stalker  
  17  6:37  Probe  
Tags
 
Add a new tag
Caveats
  • Supply blocks, unpowered buildings, or Contaminate may cause inaccurate times.
  • Supply counts are checked every 10 seconds.